 Dungeon Crawl Stone Soup version 0.19.1 (webtiles) character file.

154 Host24 the Skirmisher (level 5, 0/35 HPs)
             Began as a Kobold Hunter on Jan 1, 2017.
             Killed by divine providence
             ... invoked by an orc priest
              (13 damage)
             ... on level 3 of the Dungeon.
             The game lasted 00:04:26 (2734 turns).

Host24 the Skirmisher (Kobold Hunter)               Turns: 2734, Time: 00:04:27

Health: 0/35       AC:  3    Str: 10    XL:     5   Next: 62%
Magic:  5/5        EV: 15    Int: 12    God:
Gold:   120        SH:  0    Dex: 16    Spells: 0 memorised, 4 levels left

rFire  . . .     SeeInvis .     a - +1 hand crossbow
rCold  . . .     Gourm    .     c - +0 leather armour
rNeg   . . .     Faith    .     (shield restricted)
rPois  .         Spirit   .     (no helmet)
rElec  .         Reflect  .     (no cloak)
rCorr  .         Harm     .     (no gloves)
MR     .....                    (no boots)
Stlth  ++........               (no amulet)
                                (no ring)
                                (no ring)

@: no status effects
A: carnivore 3
a: no special abilities


You were on level 3 of the Dungeon.
You were very full.

You visited 1 branch of the dungeon, and saw 3 of its levels.

You collected 120 gold pieces.

Inventory:

Hand Weapons
 a - a +1 hand crossbow (weapon)
 b - a +0 short sword
Missiles
 d - 5 bolts (quivered)
 j - 68 stones
 l - 62 arrows
 o - 11 tomahawks
Armour
 c - a +0 leather armour (worn)
Wands
 e - a wand of acid (4/15)
 m - a wand of lightning (11/15)
Scrolls
 g - a scroll of recharging {unknown}
 h - 4 scrolls of identify {unknown}
 k - 2 scrolls of random uselessness {unknown}
 n - 2 scrolls of noise {unknown}
 p - 2 scrolls of remove curse {unknown}
 r - a scroll of teleportation {unknown}
 v - a scroll of enchant weapon {unknown}
Potions
 q - a potion of cure mutation {unknown}
 s - a potion of heal wounds {unknown}
 u - a potion of agility {unknown}
Comestibles
 f - 2 meat rations
 i - a slice of pizza
 t - 2 beef jerkies


   Skills:
 + Level 5.5 Fighting
 - Level 5.0 Crossbows
 - Level 3.0 Dodging
 - Level 1.3 Stealth


You had 4 spell levels left.
You didn't know any spells.

Dungeon Overview and Level Annotations

Branches:
Dungeon (3/15)

Altars:
The Shining One


Innate Abilities, Weirdness & Mutations

You are small and have problems with some larger weapons.
You are carnivorous and can eat meat at any time.


Message History

Press: ? - help, Shift-Dir - straight line, f/p - orc priest
Aim: an orc priest, wielding a flail and wearing a chain mail (heavily wounded)
You shoot a bolt. The bolt barely misses the orc priest.
The bolt hits the orc!
You kill the orc!
The orc priest barely misses you.
Firing (i - inventory. (,) - cycle):
d - 7 bolts (quivered)
Press: ? - help, Shift-Dir - straight line, f/p - orc priest
Aim: an orc priest, wielding a flail and wearing a chain mail (heavily wounded)
You shoot a bolt. The bolt hits the orc priest.
The orc priest is almost dead.
The orc priest calls down the wrath of Beogh upon you.
Beogh smites you! The orc priest barely misses you.
Firing (i - inventory. (,) - cycle):
d - 6 bolts (quivered)
Press: ? - help, Shift-Dir - straight line, f/p - orc priest
Aim: an orc priest, wielding a flail and wearing a chain mail (almost dead)
You shoot a bolt. The bolt hits the orc priest.
The orc priest is almost dead.
The orc priest mumbles some strange prayers to Beogh against you.
Beogh smites you!
You die...

########## #........#
###################.......)#
.......[........@o[b.......#
###################..>.....#
#........# #........#
######.### ... o.. ... .


You could see an orc priest and a bat.

Vanquished Creatures
  6 adders
  An ooze (D:1)
  A worm (D:2)
  2 dart slugs
  2 leopard geckos (D:1)
  10 orcs (D:3)
  A ball python (D:2)
  9 bats
  5 giant cockroaches
  2 goblins
  10 hobgoblins
  9 jackals
  A quokka (D:2)
  6 frilled lizards
  6 kobolds
  3 rats
74 creatures vanquished.

Vanquished Creatures (others)
  A frilled lizard (D:3)
1 creature vanquished.

Grand Total: 75 creatures vanquished

Notes
Turn   | Place    | Note
-------+----------+-------------------------------------------
     0 | D:1      | Host24 the Kobold Hunter began the quest for the Orb.
     0 | D:1      | Reached XP level 1. HP: 12/12 MP: 1/1
    80 | D:1      | Reached XP level 2. HP: 14/18 MP: 2/2
   394 | D:1      | Reached XP level 3. HP: 23/23 MP: 3/3
   457 | D:1      | Reached skill level 5 in Crossbows
   898 | D:2      | Reached XP level 4. HP: 29/29 MP: 4/4
  1981 | D:2      | Reached XP level 5. HP: 8/34 MP: 5/5
  2244 | D:3      | Found a faded altar of an unknown god.
  2281 | D:3      | Reached skill level 5 in Fighting
  2564 | D:3      | Found a glowing golden altar of the Shining One.
  2734 | D:3      | Killed from afar by an orc priest

Skill      XL: |  1  2  3  4  5 |
---------------+----------------+-----
Fighting       | 3 4 5 |  5.5
Dodging        | 3 |  3.0
Crossbows      | 5 |  5.0
Stealth        | |  1.3

Action                   |  1- 3 |  4- 6 || total
-------------------------+-------+-------++-------
Melee: Short sword       |    91 |   193 ||   284
 Fire: Hand crossbow     |     6 |    35 ||    41
  Use: Potion            |       |     2 ||     2
 Stab: Sleeping          |     1 |     1 ||     2
  Eat: Chunk             |     8 |     6 ||    14
Armor: Leather armour    |    20 |    47 ||    67
Dodge: Dodged            |   100 |   172 ||   272
